 Dungeon Crawl Stone Soup version 0.19-a0-1200-g056e253 (webtiles) character file.

1123380 kuniqs the Annihilator (level 27, -1/163 HPs)
             Began as a Tengu Conjurer on Aug 20, 2016.
             Was a High Priest of Sif Muna.
             Slain by Cerebov
             ... wielding the +6 sword of Cerebov {flame}
              (3 damage)
             ... in Pandemonium on Aug 21, 2016.
             The game lasted 09:06:58 (102452 turns).

kuniqs the Annihilator (Tengu Conjurer)           Turns: 102452, Time: 09:06:59

Health: -1/163     AC: 19    Str: 13    XL:     27
Magic:  53/69      EV: 30    Int: 28    God:    Sif Muna [*****.]
Gold:   8978       SH:  9    Dex: 20    Spells: 13 memorised, 0 levels left

rFire  + + .     SeeInvis .     S - staff of wizardry
rCold  + . .     Gourm    .     r - +2 robe {Archmagi}
rNeg   + + +     Faith    .     C - +3 buckler {AC+3}
rPois  ∞         Spirit   .     b - +2 hat {Int+3}
rElec  +         Dismiss  .     J - +2 cloak {MR+}
rCorr  .         Reflect  .     h - +0 pair of gloves "Olicaph" {Dex+4 Stlth+}
MR     +++++     Harm     .     (boots unavailable)
Stlth  ++++++....               t - amulet of magic regeneration
                                o - ring of wizardry
                                i - ring "Cusm" {rElec rF+++ MP+9 Int-2}

@: lich-form, tornado, fire vulnerable, flying quickly and evasively, very
slightly contaminated, hasted, deflect missiles, divine energy, very quick
A: beak, talons 3, clever 1, fire resistance 1, high mp 1, magic resistance 1,
strong 1, able to fly 2
a: Stop Flying, End Transformation, Stop Divine Energy, Channel Magic, Forget
Spell, Renounce Religion
}: 9/15 runes: barnacled, slimy, silver, golden, iron, obsidian, icy, bone,
gossamer


You were in Pandemonium.
You worshipped Sif Muna.
Sif Muna was extremely pleased with you.
You were not hungry.
You were a lich.
You visited 18 branches of the dungeon, and saw 90 of its levels.
You visited Pandemonium 2 times, and saw 15 of its levels.
You visited 1 bazaar.
You also visited: Wizlab.

You collected 14270 gold pieces.
You spent 5292 gold pieces at shops.

Inventory:

Hand Weapons
 v - the +9 dagger of Chilly Death {flash freeze, rPois rF- rC++ MR+}
   (You found it on level 7 of Tartarus)

   It has been specially enchanted to freeze those struck by it, causing extra
   injury to most foes and up to half again as much damage against particularly
   susceptible opponents.
   It can also slow down cold-blooded creatures.
   It makes you vulnerable to fire.
   It greatly protects you from cold.
   It protects you from poison.
   It affects your resistance to hostile enchantments.
 I - the +8 autumn katana {slice, Clar}
   (You found it on level 7 of Tartarus)

   It inflicts extra damage upon your enemies.
   It protects you against confusion.
Armour
 b - a +2 hat of intelligence (worn)
 h - the +0 pair of gloves "Olicaph" (worn) {Dex+4 Stlth+}
   (You acquired it on level 11 of the Dungeon)

   It affects your dexterity (+4).
   It makes you more stealthy.
 r - a +2 robe of the Archmagi (worn)
 C - a +3 buckler of protection (worn)
 J - a +2 cloak of magic resistance (worn)
Magical Staves
 S - an uncursed staff of wizardry (weapon)
Jewellery
 i - the ring "Cusm" (left hand) {rElec rF+++ MP+9 Int-2}
   (You found it on level 1 of the Shoals)

   [ring of magical power]

   It affects your intelligence (-2).
   It renders you almost immune to fire.
   It insulates you from electricity.
   It affects your magic capacity (+9).
 l - the ring of Vottaf {rCorr rN+ Stlth+}
   (You bought it in a shop on level 2 of the Elven Halls)

   [ring of resist corrosion]

   It protects you from negative energy.
   It makes you more stealthy.
 o - a ring of wizardry (right hand)
 t - an amulet of magic regeneration (around neck)
 E - an uncursed ring of protection from cold
Wands
 q - a wand of heal wounds (2/9)
 G - a wand of disintegration (10/24)
 L - a wand of disintegration (5/24)
 W - a wand of hasting (1/9)
Scrolls
 a - 21 scrolls of remove curse {@r2}
 d - 5 scrolls of teleportation
 f - 3 scrolls of torment
 n - 7 scrolls of enchant armour
 p - 6 scrolls of fear
 w - 9 scrolls of fog
 x - 2 scrolls of amnesia
 y - 3 scrolls of identify {@r1}
 D - 5 scrolls of recharging
 H - a scroll of holy word
 O - a scroll of blinking
 R - 5 scrolls of summoning
 Y - 6 scrolls of magic mapping
 Z - 8 scrolls of immolation
Potions
 g - 20 potions of curing {@q1}
 k - 9 potions of brilliance
 m - a potion of haste
 u - 10 potions of cancellation
 z - a potion of heal wounds
 A - 10 potions of ambrosia
 B - 7 potions of cure mutation
 K - 6 potions of agility
 M - 3 potions of resistance
 X - 2 potions of magic
Miscellaneous
 e - a figurine of a ziggurat
Comestibles
 c - 29 bread rations
 F - 40 fruits


   Skills:
 - Level 14.0 Fighting
 - Level 1.3 Armour
 - Level 14.7 Dodging
 - Level 11.5 Stealth
 - Level 6.1 Shields
 O Level 27 Spellcasting
 O Level 27 Conjurations
   Level 4.0 Hexes
 - Level 4.1 Charms
 - Level 20.1 Summonings
 - Level 14.0 Necromancy
 - Level 4.0 Translocations
 - Level 10.0 Transmutations
 - Level 19.3 Fire Magic
 - Level 18.8 Ice Magic
 - Level 25.0 Air Magic
 - Level 7.3 Earth Magic
 + Level 25.0 Invocations


You couldn't memorise any spells.
You knew the following spells:

 Your Spells              Type           Power        Failure   Level  Hunger
a - Dragon's Call         Summ           ########..   5%          9    N/A
b - Passage of Golubria   Tloc           N/A          1%          4    N/A
c - Iskenderun's Mystic   Conj           ########     0%          4    N/A
d - Apportation           Tloc           ######....   1%          1    N/A
e - Fire Storm            Conj/Fire      ########..   2%          9    N/A
f - Glaciate              Conj/Ice       ########..   2%          9    N/A
g - Ozocubu's Armour      Chrm/Ice       ########     1%          3    N/A
h - Regeneration          Chrm/Necr      ########..   1%          3    N/A
i - Necromutation         Tmut/Necr      ########..   11%         8    N/A
j - Deflect Missiles      Chrm/Air       ########..   1%          6    N/A
k - Orb of Destruction    Conj           ########..   1%          7    N/A
l - Tornado               Air            ########..   1%          9    N/A
m - Lehudib's Crystal Sp  Conj/Erth      ########..   1%          8    N/A

Dungeon Overview and Level Annotations

Branches:
Dungeon (15/15)            Temple (1/1) D:7            Lair (6/6) D:9
 Shoals (4/4) Lair:2       Spider (4/4) Lair:2        Slime (5/5) Lair:5
    Orc (2/2) D:9             Elf (3/3) Orc:2        Vaults (5/5) D:13
  Crypt (3/3) Vaults:3       Tomb (3/3) Crypt:3      Depths (5/5) D:15
   Hell (1/1)                 Dis (7/7) Hell            Geh (7/7) Hell
    Coc (7/7) Hell            Tar (7/7) Hell            Zot (5/5) Depths:5

Altars:
Ashenzari
Cheibriados
Dithmenos
Elyvilon
Fedhas
Gozag
Hepliaklqana
Kikubaaqudgha
Makhleb
Nemelex Xobeh
Okawaru
Qazlal
Ru
Sif Muna
Trog
Uskayaw
Vehumet
Xom
Yredelemnul
Zin
The Shining One
Jiyva
Lugonu

Shops:
D:4 :   D:10 (   Orc:1 %   Orc:2 (**[   Elf:1 ?}   Elf:2 *(%=   Shoals:2 =
Vaults:2 (*   Vaults:5 }   Depths:1 *   Depths:2 :   Depths:3 :

Portals:
Hell: Depths:1 Depths:2 Depths:3 Depths:4 Depths:5
Abyss: Depths:4 Depths:5
Pandemonium: Depths:3
Ziggurat: Depths:1

Annotations:
Elf:1 Aizul
Elf:2 3 runed doors
Elf:3 1 exclusion
Zot:5 YADDA YADDA *YAWN*
Pan Cerebov


Innate Abilities, Weirdness & Mutations

You have a beak for a mouth.
You have claws for feet.
You can fly continuously.
Your mind is acute. (Int +2)
Your flesh is heat resistant. (rF+)
You have an increased reservoir of magic. (+10% MP)
You are resistant to hostile enchantments. (MR+)
Your muscles are strong. (Str +2)


Message History

Sif Muna accepts your kill.
Your Invocations skill increases to level 25!
A Brimstone Fiend comes into view.
The Brimstone Fiend roars!
Cerebov hits you with a great serpentine sword {flame}!!!
Cerebov burns you.
The sword of Cerebov burns away your fire resistance.
The Brimstone Fiend gestures at you.
The sphere of damnation explodes!
The damnation engulfs you!
* * * LOW HITPOINT WARNING * * *
The damnation engulfs Cerebov.
Cerebov completely resists.
Cerebov shouts, "Thy skull shall be my supper!"
You take 94 damage, and have 30/163 hp.
MASSIVE DAMAGE!!
You feel much better.
This wand has 2 charges left.
You kill the sun demon!
Sif Muna accepts your kill.
Cerebov hits you with a great serpentine sword {flame}!!!
* * * LOW HITPOINT WARNING * * *
Cerebov burns you.
You die...

.......# ### .......#
###..3 .......#
####.... .......#
+§§§§.. ### ....$..##
##§§§1###§≈#
........#
#§§§§§§§§≈≈#
........###§§§§§§§.$.
.))......'.§§§§§§#
..)......'.§§§§§L#
....)....'.§§§§§&#
........###§§§§§§§|.
##......#
#§§§§§§§§≈≈# #.....##
##§§§§###§§# #.....#
+§§§§.. ### #.....#
####... ......# ###.
.......#


You could see Cerebov and a Brimstone Fiend.

Vanquished Creatures
  Asmodeus (Geh:7)
  the Royal Jelly (Slime:5)
  6 pandemonium lords (Pan)
  Ereshkigal (Tar:7)
  the Serpent of Hell (Geh:7)
  Dispater (Dis:7)
  7 orbs of fire
  8 ancient liches
  Sojobo (Depths:2)
  Boris (Vaults:4)
  30 greater mummies
  Saint Roka (Elf:2)
  Bai Suzhen (Crypt:3)
  7 shard shrikes
  5 caustic shrikes (Depths:3)
  2 Killer Klowns (Zot:5)
  8 golden dragons
  Geryon (Hell)
  The ghost of Vergil the Bewitcher, a veteran DsAr of Dithmenos (Depths:2)
  An iron giant (Dis:7)
  9 bone dragons
  Arachne (Spider:4)
  An electric golem (Zot:5)
  A Hellbinder (WizLab)
  39 Tzitzimimeh
  19 Brimstone Fiends
  7 doom hounds
  A hellephant (Pan)
  13 tentacled monstrosities
  15 Ice Fiends
  Rupert (D:13)
  12 Hell Sentinels
  18 Orb Guardians (Zot:5)
  2 quicksilver dragons
  2 titans (Vaults:5)
  A deep elf blademaster (Elf:3)
  16 liches
  A deep elf master archer (Elf:3)
  Polyphemus (Shoals:3)
  Gastronok (Lair:3)
  Asterion (Spider:4)
  27 acid blobs
  11 sphinxes
  Murray (Hell)
  6 death cobs
  A kraken (Shoals:1)
  7 ancient champions
  6 Executioners (Pan)
  13 tengu reavers
  Roxanne (Spider:4)
  2 draconian monks
  12 shadow dragons
  Ilsuiw (Shoals:4)
  5 revenants
  25 storm dragons
  21 azure jellies
  A greater naga (Vaults:3)
  25 balrugs
  3 draconian knights
  13 fire giants
  17 vault wardens
  9 deep elf sorcerers
  12 iron dragons
  14 frost giants
  3 curse skulls
  10 ghouls
  A draconian zealot (Depths:5)
  6 ghost moths
  3 warmongers (Pan)
  3 draconian shifters
  4 emperor scorpions
  13 cacodemons
  5 war gargoyles
  17 ironheart preservers
  27 stone giants
  64 reapers
  4 elemental wellsprings (Coc:7)
  4 deep elf elementalists (Elf:3)
  6 blood saints (Pan)
  22 very ugly things
  16 vampire knights
  4 entropy weavers
  3 draconian callers
  2 bennus
  The ghost of 2tc the Impaler, a journeyman DsWn of Makhleb (Spider:1)
  Nessos (D:14)
  5 white draconians
  7 green draconians
  6 corrupters (Pan)
  5 mottled draconians
  6 black suns (Pan)
  4 chaos champions (Pan)
  8 deep elf demonologists
  4 purple draconians
  4 yellow draconians
  A lorocyproca (Pan)
  8 red draconians
  12 black draconians
  6 deep elf annihilators
  Azrael (Spider:2)
  16 spark wasps
  10 deep elf death magi
  6 eidola
  7 merfolk javelineers
  13 ettins
  17 blizzard demons
  8 green deaths
  21 mummy priests
  6 quicksilver dragon zombies
  A minotaur (shapeshifter) (D:15)
  8 merfolk impalers
  26 fire dragons
  10 death oozes
  2 kraken zombies (Coc:7)
  13 yaktaur captains
  5 hell beasts
  A hydra (shapeshifter) (Vaults:5)
  15 jiangshi
  14 great orbs of eyes
  9 rakshasas
  6 spriggan air magi
  6 deep elf high priests
  7 quicksilver dragon skeletons
  40 vault guards
  9 hydras
  3 ghost crabs
  31 ice dragons
  5 death knights
  12 centaur warriors
  5 merfolk avatars
  4 monstrous demonspawn (Pan)
  4 catoblepae
  Erica (D:8)
  34 death scarabs
  3 merfolk aquamancers
  3 satyrs
  15 death yaks
  14 ogre magi
  12 deep troll earth magi
  24 hell hogs
  A death yak (shapeshifter) (Vaults:3)
  8 deep troll shamans
  A small abomination (Elf:1)
  12 vampire magi
  4 titan zombies
  2 tengu warriors
  An orc high priest (Elf:2)
  17 dancing weapons
  3 iron golems
  12 deep elf knights
  4 spriggan berserkers
  A shock serpent (shapeshifter) (Vaults:3)
  An iron giant zombie (Crypt:1)
  34 sun demons
  24 soul eaters
  3 titan skeletons
  12 iron trolls
  A storm dragon zombie (Geh:3)
  6 shadow wraiths
  112 skeletal warriors
  2 salamander mystics
  11 sixfirhies
  3 death drakes
  4 storm dragon skeletons
  7 unseen horrors
  2 ghost moth zombies
  67 hell knights
  An iron troll (shapeshifter) (Depths:5)
  15 anaconda zombies
  A golden dragon zombie (Dis:3)
  9 sea snakes
  5 wizards
  11 infernal demonspawn (Pan)
  14 shadow demons
  A swamp dragon (Vaults:3)
  7 giant orange brains
  A sea snake (shapeshifter) (Vaults:1)
  9 torturous demonspawn
  19 harpies
  24 flayed ghosts
  24 anubis guards
  An orange crystal statue (Zot:5)
  18 deep elf archers
  18 ironbrand convokers
  36 deep trolls
  2 gelid demonspawn (Pan)
  8 anaconda skeletons
  6 putrid demonspawn (Pan)
  27 phantasmal warriors
  8 shadow dragon zombies
  4 iron dragon zombies
  10 orc knights
  26 wolf spiders
  27 necromancers
  2 harpies (shapeshifter)
  13 hill giants
  2 golden dragon skeletons
  A shining eye (shapeshifter) (Vaults:3)
  66 ugly things
  3 wolf spider zombies
  12 griffons
  2 oklob plants (Shoals:1)
  10 fire giant zombies
  5 frost giant zombies
  14 orb spiders
  A salamander (shapeshifter) (D:11)
  18 large abominations
  7 fauns
  2 shadow dragon skeletons
  4 stone giant zombies
  2 orc sorcerers
  45 deep elf magi
  8 salamanders
  7 shining eyes
  6 cyclopes
  23 moths of wrath
  8 hornets
  11 manticores
  Joseph (D:7)
  3 shock serpent zombies
  8 vault sentinels
  5 sirens
  7 frost giant skeletons
  Maurice (D:8)
  5 black mambas
  An octopode (shapeshifter) (D:14)
  6 water nymphs
  The ghost of miko the Caller, a novice DESu of Sif Muna (D:8)
  A fire giant skeleton (Geh:6)
  A guardian serpent (Lair:6)
  33 rust devils
  7 stone giant skeletons
  2 ice statues (Coc:7)
  4 dire elephant zombies
  5 eyes of devastation
  13 molten gargoyles (Geh:7)
  6 dire elephant skeletons
  8 gargoyles
  23 elephants
  6 iron dragon skeletons
  A torpor snail (Spider:2)
  25 smoke demons
  13 spiny frogs
  9 orange demons
  29 hellions
  11 demonic crawlers
  38 freezing wraiths
  3 rime drakes
  52 ice devils
  5 komodo dragons
  2 emperor scorpion zombies
  38 tormentors
  54 yaktaurs
  A sea snake skeleton (Crypt:1)
  3 efreet
  10 hellwings
  54 guardian mummies
  5 tengu conjurers
  3 harpy zombies
  26 merfolk
  A death drake zombie (Crypt:2)
  A meliai (D:14)
  30 jumping spiders
  2 yaktaur skeletons
  12 trolls
  12 hydra zombies
  42 red devils
  A meliai (shapeshifter) (Vaults:2)
  A catoblepas skeleton (Coc:3)
  2 queen bees (shapeshifter)
  A wind drake (shapeshifter) (Vaults:5)
  A polar bear (shapeshifter) (Elf:3)
  35 two-headed ogres
  9 alligator zombies
  A troll (shapeshifter) (Depths:3)
  7 ettin zombies
  6 hydra skeletons
  2 blink frogs (shapeshifter)
  A death drake skeleton (Crypt:1)
  6 snapping turtles
  10 ushabtiu
  A raiju (shapeshifter) (Depths:4)
  3 wind drakes
  6 bog bodies (Coc:7)
  5 ice dragon zombies
  148 slime creatures
  3 harpy skeletons
  8 boulder beetles
  16 blink frogs
  A meliai zombie (D:14)
  10 ettin skeletons
  A fire dragon zombie (Geh:7)
  108 flying skulls
  2 deep troll skeletons (Depths:1)
  61 redbacks
  A spriggan (shapeshifter) (Depths:4)
  A stone giant simulacrum (Vaults:3)
  23 air elementals
  3 spriggans (Depths:4)
  5 black mamba zombies
  3 ice dragon skeletons
  41 shadows
  A tarantella (shapeshifter) (Vaults:3)
  3 alligator skeletons
  6 fire dragon skeletons
  23 wraiths
  14 ynoxinuls
  20 tarantellas
  A vampire (D:15)
  20 water elementals
  5 basilisks
  2 humans (shapeshifter)
  2 hogs (Lair:4)
  6 fire bats
  4 wyverns
  A golden eye (shapeshifter) (D:15)
  51 yaks
  19 fire elementals
  11 hippogriffs
  4 vampire mosquitoes (D:14)
  4 golden eyes
  3 black mamba skeletons
  4 neqoxecs
  3 mottled dragons
  2 tengu zombies
  7 chaos spawn (Pan)
  6 hungry ghosts
  3 wargs
  A hydra simulacrum (Tar:1)
  3 soldier ants
  A merfolk zombie (Tar:7)
  A gelid demonspawn skeleton (Crypt:2)
  9 spiny frog zombies
  A giant eyeball (shapeshifter) (Vaults:5)
  26 water moccasins
  2 merfolk skeletons
  A torturous demonspawn skeleton (Crypt:1)
  3 giant eyeballs
  47 hell hounds
  34 orc warriors
  A black bear (D:12)
  2 ice dragon simulacra (Depths:1)
  A sky beast (shapeshifter) (Depths:2)
  8 porcupines
  7 spiny frog skeletons
  3 snapping turtle zombies
  8 wasps
  12 eyes of draining
  A manticore zombie (Dis:2)
  3 phantoms
  An alligator simulacrum (Coc:7)
  8 ice beasts
  19 necrophages
  21 boggarts
  4 sky beasts
  4 swamp dragon zombies
  3 manticore skeletons
  63 ogres
  24 wolves
  A snapping turtle skeleton (Crypt:2)
  An ogre (shapeshifter) (Vaults:3)
  6 swamp dragon skeletons
  19 centaurs
  A human skeleton (Vaults:4)
  2 elf zombies (Elf:1)
  7 crocodiles
  28 giant frogs
  A komodo dragon zombie (Crypt:2)
  6 big kobolds
  A spiny frog simulacrum (Coc:6)
  An elf skeleton (Geh:3)
  A glowing shapeshifter simulacrum (Vaults:2)
  A wyvern zombie (D:12)
  8 earth elementals
  6 scorpions
  A water moccasin skeleton (D:8)
  A boulder beetle zombie (Vaults:3)
  27 killer bees
  4 electric eels
  43 wights
  5 howler monkeys
  2 lava snakes
  5 centaur zombies
  13 crimson imps
  7 quasits
  A giant frog zombie (D:13)
  5 jellies
  A wasp zombie (D:11)
  24 orc wizards
  9 centaur skeletons
  5 hounds
  18 iron imps
  12 orc priests
  4 giant frog skeletons
  9 iguanas
  Natasha (thrice) (D:3)
  11 worker ants
  A boulder beetle simulacrum (Vaults:1)
  2 naga zombies
  A naga skeleton (Geh:4)
  A tengu skeleton (Crypt:1)
  A hound skeleton (Crypt:2)
  51 mummies
  A howler monkey zombie (D:8)
  2 worker ant zombies
  A swamp drake zombie (Crypt:1)
  4 gnolls (D:6)
  17 adders
  37 river rats
  15 shadow imps
  A swamp drake skeleton (Crypt:1)
  8 white imps
  An ufetubus (Depths:3)
  An ooze (D:1)
  An adder zombie (D:6)
  An adder skeleton (D:4)
  A halfling skeleton (Crypt:1)
  An iguana skeleton (Crypt:1)
  4 worms
  2 dart slugs
  6 giant geckos
  97 orcs
  5 ball pythons
  9 giant cockroaches
  9 goblins
  12 hobgoblins
  12 jackals
  14 kobolds
  7 quokkas
  17 sheep
  A ball python skeleton (Crypt:2)
  4 bats
  A giant gecko skeleton (D:5)
  5 giant newts
  2 gnoll zombies (D:5)
  A goblin skeleton (Crypt:2)
  2 kobold zombies
  An orc zombie (Tar:7)
  A quokka skeleton (D:9)
  5 rats
  24 blocks of ice
  4 crawling corpses (Elf:1)
  117 fire vortices
  5 fungi
  21 plants
  4 tentacles (Coc:7)
  5 withered plants (Crypt:3)
4736 creatures vanquished.

Vanquished Creatures (collateral kills)
  Antaeus (Coc:7)
  3 greater mummies (Tomb:1)
  A golden dragon (Zot:4)
  A doom hound (Tar:7)
  2 Tzitzimimeh (Tar:7)
  7 Orb Guardians (Zot:5)
  A lich (Tar:7)
  A kraken (Shoals:2)
  A sphinx (Tomb:1)
  An acid blob (Slime:1)
  2 death cobs
  An ancient champion (Crypt:2)
  A tengu reaver (Vaults:5)
  A shadow dragon (Tar:7)
  The ghost of Arkorax the Severer, an adept FoFi of Qazlal (D:15)
  A vault warden (Vaults:5)
  An azure jelly (Slime:5)
  An emperor scorpion (Spider:2)
  A ghoul (Tar:7)
  2 reapers
  A draconian annihilator (Depths:5)
  A stone giant (Depths:1)
  2 black draconians
  2 purple draconians
  2 mottled draconians
  2 merfolk javelineers (Shoals:4)
  5 merfolk impalers (Shoals:4)
  A death ooze (Slime:5)
  A mummy priest (Tomb:2)
  An ice dragon (Zot:3)
  3 ogre magi
  A quicksilver dragon skeleton (Tar:7)
  3 great orbs of eyes
  A centaur warrior (D:12)
  A dancing weapon (Elf:1)
  2 death yaks (Shoals:3)
  A death scarab (Tomb:2)
  2 ball lightnings
  4 sea snakes
  A shadow demon (Tar:7)
  2 deep trolls (Orc:2)
  3 hill giants
  An anaconda skeleton (Tomb:3)
  A wolf spider zombie (Dis:7)
  6 harpies
  4 orb spiders
  3 ugly things (D:15)
  10 wolf spiders
  2 manticores
  A frost giant zombie (Crypt:3)
  4 hornets
  A deep elf mage (Elf:1)
  An orc sorcerer (Elf:1)
  An oklob plant (Lair:5)
  A faun (Shoals:3)
  3 salamanders (Depths:4)
  3 cyclopes
  A shadow dragon skeleton (Crypt:3)
  An iron dragon zombie (Tomb:1)
  2 sirens
  4 elephants (Lair:6)
  A stone giant skeleton (Crypt:2)
  3 black mambas (Lair:6)
  A water nymph (Shoals:4)
  3 spiny frogs (Lair:6)
  A storm dragon simulacrum (Tomb:1)
  3 demonic crawlers
  A guardian mummy (Tomb:1)
  3 trolls (Orc:2)
  A silent spectre (Tar:7)
  A wind drake (Shoals:4)
  7 jumping spiders
  13 merfolk
  4 two-headed ogres
  An ushabti (Tomb:1)
  A boulder beetle (Vaults:5)
  A slime creature (Slime:4)
  7 snapping turtles
  2 blink frogs (Lair:6)
  35 redbacks
  An ettin skeleton (Crypt:3)
  3 wyverns
  12 tarantellas
  2 flying skulls
  A wind drake zombie (Crypt:1)
  3 water elementals
  A yak (Lair:4)
  A hippogriff (Shoals:4)
  A mottled dragon (D:14)
  A hell hound (Spider:2)
  2 water moccasins (Lair:6)
  2 orc warriors (Elf:1)
  A wasp (Lair:6)
  An eye of draining (Slime:4)
  8 ogres
  3 wolves (Lair:6)
  A centaur (D:15)
  2 crocodiles (Lair:6)
  A manticore skeleton (Tar:7)
  A draconian skeleton (Crypt:2)
  A wight (Crypt:1)
  3 orc wizards
  3 worker ants
  4 mummies
  An adder (Lair:6)
  A river rat (Lair:6)
  10 orcs
  6 plants
  A tentacle (Shoals:2)
290 creatures vanquished.

Vanquished Creatures (others)
  A lich (Geh:6)
  An ancient champion (Dis:7)
  2 eldritch tentacles
  Kirke (Lair:4)
  A tengu reaver (Vaults:3)
  A balrug (Pan)
  2 ghost moths (Zot:4)
  A reaper (Geh:7)
  A merfolk aquamancer (Shoals:4)
  A hell hog (Hell)
  9 death scarabs (Tomb:2)
  A deep elf knight (Elf:1)
  A skeletal warrior (Tomb:2)
  A moth of wrath (Zot:5)
  16 flying skulls
  2 humans (Lair:4)
  A necrophage (Tar:5)
  4 mummies
  1329 ball lightnings
  93 blocks of ice
  428 fire vortices
  132 fulminant prisms
  16 fungi
  27 plants
  19 tentacles
  40 withered plants (Crypt:3)
2131 creatures vanquished.

Grand Total: 7157 creatures vanquished

Notes
Turn   | Place    | Note
-------+----------+-------------------------------------------
     0 | D:1      | kuniqs the Tengu Conjurer began the quest for the Orb.
     0 | D:1      | Reached XP level 1. HP: 10/10 MP: 4/4
    92 | D:1      | Reached XP level 2. HP: 15/15 MP: 1/6
   101 | D:1      | Learned a level 2 spell: Searing Ray
   863 | D:1      | Reached XP level 3. HP: 19/19 MP: 4/8
   868 | D:1      | Learned a level 3 spell: Dazzling Spray
  1218 | D:2      | You fall through a shaft!
  1463 | D:3      | Noticed Natasha
  1471 | D:3      | Killed Natasha
  1471 | D:3      | Reached XP level 4. HP: 19/24 MP: 4/11
  1479 | D:3      | Learned a level 4 spell: Fulminant Prism
  1796 | D:2      | Found a shimmering altar of Xom.
  1873 | D:2      | Gained mutation: You can fly. [Tengu growth]
  1873 | D:2      | Reached XP level 5. HP: 27/28 MP: 5/13
  2142 | D:2      | Found a blossoming altar of Fedhas.
  2548 | D:3      | Reached skill level 5 in Spellcasting
  2706 | D:3      | Noticed Natasha
  2715 | D:3      | Killed Natasha
  3340 | D:3      | Noticed Natasha
  3350 | D:3      | Killed Natasha
  3350 | D:3      | Reached XP level 6. HP: 23/32 MP: 3/14
  3902 | D:4      | Found Yrarphoad's Book Shoppe.
  4114 | D:4      | Reached XP level 7. HP: 36/36 MP: 9/15
  4163 | D:4      | Found a sacrificial altar of Ru.
  4822 | D:5      | Entered Level 5 of the Dungeon
  5013 | D:5      | Gained mutation: Your flesh is heat resistant. (rF+) [mutagenic meat]
  5016 | D:5      | Gained mutation: You have an increased reservoir of magic. (+10% MP) [mutagenic meat]
  5017 | D:5      | KEWL
  5083 | D:5      | Reached skill level 10 in Conjurations
  5089 | D:5      | CONJURATIONS: 10.2
  5106 | D:5      | Learned a level 5 spell: Iskenderun's Battlesphere
  5126 | D:5      | Reached XP level 8. HP: 40/41 MP: 5/18
  5313 | D:5      | WHEEEEEEE!!!
  5462 | D:5      | Reached skill level 1 in Hexes
  5462 | D:5      | Reached skill level 1 in Charms
  5527 | D:5      | Found a basalt altar of Yredelemnul.
  6072 | D:6      | Reached XP level 9. HP: 33/45 MP: 3/19
  6350 | D:6      | YAY!
  6573 | D:6      | Reached skill level 1 in Fighting
  7520 | D:7      | Noticed Joseph
  7534 | D:7      | Killed Joseph
  7683 | D:7      | Learned a level 4 spell: Iskenderun's Mystic Blast
  7736 | D:7      | Learned a level 3 spell: Ozocubu's Armour
  7903 | D:7      | Reached skill level 5 in Fighting
  8024 | D:7      | Found a staircase to the Ecumenical Temple.
  8045 | D:7      | Found a shattered altar of Ashenzari.
  8050 | Temple   | Entered the Ecumenical Temple
  8107 | D:7      | Reached XP level 10. HP: 59/59 MP: 17/23
  8114 | D:7      | Found a shadowy altar of Dithmenos.
  9163 | D:8      | Noticed miko's ghost (novice DESu)
  9231 | D:8      | Killed miko's ghost
  9474 | D:8      | Noticed Erica
  9494 | D:8      | Killed Erica
  9675 | D:8      | Noticed Maurice
  9689 | D:8      | Killed Maurice
 10130 | D:8      | Found a white marble altar of Elyvilon.
 10241 | D:8      | Found a burning altar of Makhleb.
 10411 | D:8      | Found a glowing silver altar of Zin.
 10412 | D:8      | Found a hazy altar of Hepliaklqana.
 10416 | D:8      | Found a deep blue altar of Sif Muna.
 10418 | D:8      | Found a snail-covered altar of Cheibriados.
 10418 | D:8      | Found a sparkling altar of Nemelex Xobeh.
 10418 | D:8      | Found an ancient bone altar of Kikubaaqudgha.
 10418 | D:8      | Found an iron altar of Okawaru.
 10421 | D:8      | Became a worshipper of Sif Muna the Loreminder
 10659 | D:9      | Found a staircase to the Orcish Mines.
 11032 | D:9      | Reached XP level 11. HP: 65/68 MP: 12/26
 11037 | D:9      | Reached skill level 5 in Dodging
 11266 | D:9      | Found a staircase to the Lair.
 11270 | Lair:1   | Entered Level 1 of the Lair of Beasts
 11271 | Lair:1   | ENTER LAIR WITH CONJ>10
 11271 | Lair:1   | TIER I
 11416 | D:9      | Reached skill level 5 in Stealth
 12017 | D:10     | Entered Level 10 of the Dungeon
 12068 | D:10     | Noticed a hill giant
 12071 | D:10     | Killed a hill giant
 12071 | D:10     | Reached skill level 1 in Ice Magic
 12236 | D:10     | Found Coxkaock's Weapon Boutique.
 12759 | D:10     | Killed an unseen horror
 12819 | D:10     | Reached * piety under Sif Muna
 13626 | D:11     | Noticed a green ugly thing
 13640 | D:11     | Killed a green ugly thing
 13995 | D:11     | Noticed a hill giant
 14007 | D:11     | Killed a hill giant
 14089 | D:11     | Noticed a hill giant
 14092 | D:11     | Noticed a hill giant
 14098 | D:11     | Killed a hill giant
 14098 | D:11     | Reached ** piety under Sif Muna
 14098 | D:11     | Reached XP level 12. HP: 63/73 MP: 14/27
 14254 | D:11     | Noticed a tengu reaver
 14267 | D:11     | Killed a tengu reaver
 14767 | D:11     | Reached *** piety under Sif Muna
 14844 | D:11     | Reached skill level 1 in Invocations
 15646 | Lair:1   | Reached skill level 15 in Conjurations
 15693 | Lair:1   | Noticed a four-headed hydra
 15697 | Lair:1   | Killed a four-headed hydra
 15939 | Lair:1   | Reached **** piety under Sif Muna
 15977 | Lair:1   | Noticed a seven-headed hydra
 15982 | Lair:1   | Killed a seven-headed hydra
 15982 | Lair:1   | Reached XP level 13. HP: 78/78 MP: 15/28
 16671 | Lair:1   | Reached skill level 5 in Invocations
 17217 | Lair:2   | Found a hole to the Spider Nest.
 17508 | Lair:2   | YAY!
 17694 | Lair:2   | Found a staircase to the Shoals.
 18184 | Lair:3   | Noticed Gastronok
 18493 | Lair:3   | Killed Gastronok
 18493 | Lair:3   | Reached ***** piety under Sif Muna
 18493 | Lair:3   | Gained mutation: You can fly continuously. [Tengu growth]
 18493 | Lair:3   | Reached XP level 14. HP: 40/84 MP: 18/29
 18689 | Lair:3   | Received a gift from Sif Muna
 18695 | Lair:3   | Learned a level 3 spell: Regeneration
 18703 | Lair:3   | Learned a level 4 spell: Animate Dead
 19163 | Lair:3   | Reached skill level 1 in Necromancy
 19322 | Lair:4   | Noticed Kirke
 19336 | Lair:4   | Killed Kirke
 20696 | Lair:5   | Reached skill level 10 in Invocations
 21041 | Lair:5   | Found a staircase to the Slime Pits.
 21369 | Lair:6   | Entered Level 6 of the Lair of Beasts
 21530 | Lair:6   | Reached XP level 15. HP: 85/88 MP: 4/30
 22141 | Lair:6   | Received a gift from Sif Muna
 22153 | Lair:6   | Learned a level 5 spell: Fireball
 22648 | Lair:6   | Reached skill level 1 in Fire Magic
 22686 | Lair:6   | Identified 3 scrolls of acquirement
 22813 | Lair:6   | Gained mutation: You are resistant to hostile enchantments. (MR+) [potion of beneficial mutation]
 22814 | Lair:6   | Gained mutation: Your mind is acute. (Int +2) [potion of beneficial mutation]
 22818 | Lair:6   | CONJURATIONS: 20.1
 22818 | Lair:6   | TIER II
 22818 | Lair:6   | & III
 23301 | Orc:1    | Entered Level 1 of the Orcish Mines
 23497 | Orc:2    | Entered Level 2 of the Orcish Mines
 23557 | Orc:1    | Found Nurgha's Food Boutique.
 23730 | Orc:2    | Found a staircase to the Elven Halls.
 23843 | Orc:2    | Found Rawk's Armour Boutique.
 23845 | Orc:2    | Found Emanef's General Store.
 23855 | Orc:2    | Found Dailyzor's Assorted Antiques.
 23869 | Orc:2    | Bought a potion of berserk rage for 60 gold pieces
 23872 | Orc:2    | Found Weafuck's Antique Weapon Shop.
 23878 | Orc:2    | Bought a metallic green potion for 26 gold pieces
 23878 | Orc:2    | Bought a metallic sapphire potion for 26 gold pieces
 24435 | Orc:2    | Bought a translucent whip for 180 gold pieces
 24435 | Orc:2    | Identified the +6 whip of Koled {slash, rElec} (You bought it in a shop on level 2 of the Orcish Mines)
 24443 | Orc:2    | Bought a bloodstained great sword for 333 gold pieces
 24443 | Orc:2    | Identified the +4 great sword "Juumas" {freeze, rPois Dex+3} (You bought it in a shop on level 2 of the Orcish Mines)
 24444 | Orc:2    | HEY, RPOIS
 24453 | Orc:2    | Bought a +2 robe of the Archmagi for 452 gold pieces
 24579 | Elf:1    | Entered Level 1 of the Elven Halls
 24719 | D:10     | Bought the +10 quarterstaff of Obsession {holy, rC+ MR+ Str+2} for 1053 gold pieces
 24784 | D:12     | Found a snail-covered altar of Cheibriados.
 24970 | D:12     | FUCK!
 25350 | D:12     | Reached skill level 5 in Fire Magic
 25603 | D:11     | Got a fine hat
 25614 | D:11     | Identified the -5 hat "Itaj Utug" {Dex+4 Slay-2 SInv} (You acquired it on level 11 of the Dungeon)
 25615 | D:11     | FUCKING LAG
 25615 | D:11     | WHAT A FINE HAT
 25636 | D:11     | Got a pair of smoking gloves
 25647 | D:11     | Identified the +0 pair of gloves "Olicaph" {Dex+4 Stlth+} (You acquired it on level 11 of the Dungeon)
 25901 | D:12     | Reached XP level 16. HP: 93/93 MP: 10/33
 26407 | D:12     | Identified Lom Lobon's Papyrus of Confrontation (Sif Muna gifted it to you on level 12 of the Dungeon)
 26407 | D:12     | Received a gift from Sif Muna
 26991 | D:13     | Reached skill level 10 in Spellcasting
 27233 | D:13     | Noticed Rupert
 27233 | D:13     | EEEK
 27654 | D:13     | Found a gate to the Vaults.
 27728 | D:13     | Killed Rupert
 27830 | D:14     | HP: 1/93 [phantasmal warrior[a death knight] (28)]
 28053 | D:14     | Identified Lenaano's Guide on the Mountains and Calling (Sif Muna gifted it to you on level 14 of the Dungeon)
 28053 | D:14     | Received a gift from Sif Muna
 28075 | D:14     | Learned a level 7 spell: Spellforged Servitor
 28185 | D:14     | Noticed Nessos
 28196 | D:14     | Killed Nessos
 28339 | D:14     | Reached skill level 1 in Summonings
 28399 | D:14     | Found a runed door.
 28611 | D:14     | Noticed a tengu reaver
 28626 | D:14     | Killed a tengu reaver
 29018 | D:15     | Entered Level 15 of the Dungeon
 29018 | D:15     | Noticed Arkorax's ghost (adept FoFi)
 29369 | D:15     | Killed Arkorax's ghost
 30088 | D:15     | Reached skill level 5 in Summonings
 30379 | D:15     | Found a staircase to the Depths.
 30464 | D:15     | Reached XP level 17. HP: 85/97 MP: 13/36
 30698 | Shoals:1 | Entered Level 1 of the Shoals
 31027 | Shoals:1 | Identified Sif Muna's Almanac of Necromancy and Attacks (Sif Muna gifted it to you on level 1 of the Shoals)
 31027 | Shoals:1 | Received a gift from Sif Muna
 31337 | D:4      | Bought a book of Minor Magic for 260 gold pieces
 31340 | D:4      | Learned a level 2 spell: Repel Missiles
 31768 | Shoals:1 | Got a pitted lead ring
 31770 | Shoals:1 | Identified the ring "Cusm" {rElec rF+++ MP+9 Int-2} (You found it on level 1 of the Shoals)
 31990 | Shoals:1 | Noticed a kraken
 32007 | Shoals:1 | Killed a kraken
 32810 | Shoals:2 | Found Saliod's Jewellery Shop.
 32938 | Shoals:2 | Bought a cursed amulet of inaccuracy for 38 gold pieces
 32938 | Shoals:2 | Bought a cursed -3 ring of dexterity for 38 gold pieces
 33034 | Shoals:2 | Noticed a kraken
 33046 | Shoals:2 | Killed a kraken
 33612 | Shoals:3 | Noticed Polyphemus
 33641 | Shoals:3 | Killed Polyphemus
 33641 | Shoals:3 | Identified Midi's Tome of the Cankerous Glacier (Sif Muna gifted it to you on level 3 of the Shoals)
 33641 | Shoals:3 | Received a gift from Sif Muna
 33641 | Shoals:3 | Reached skill level 10 in Summonings
 33654 | Shoals:3 | Reached skill level 1 in Air Magic
 34616 | Shoals:4 | Entered Level 4 of the Shoals
 34619 | Shoals:4 | Reached skill level 5 in Air Magic
 34763 | Shoals:4 | Reached XP level 18. HP: 53/103 MP: 19/40
 35009 | Shoals:4 | Got a barnacled rune of Zot
 35068 | Shoals:4 | Noticed Ilsuiw
 35085 | Shoals:4 | Killed Ilsuiw
 35090 | Shoals:4 | BITCH
 35292 | Shoals:4 | Identified Sif Muna's Tome of the Dark Entourage (Sif Muna gifted it to you on level 4 of the Shoals)
 35292 | Shoals:4 | Received a gift from Sif Muna
 35473 | Shoals:4 | Learned a level 6 spell: Conjure Ball Lightning
 35713 | Shoals:4 | Got a dazzling scimitar
 35714 | Shoals:4 | Identified the +10 scimitar of Safewa {slice, *Contam Str+3 Stlth+} (You found it on level 4 of the Shoals)
 35962 | Shoals:4 | Reached skill level 10 in Air Magic
 36333 | Spider:1 | Entered Level 1 of the Spider Nest
 36467 | Spider:1 | Noticed 2tc's ghost (journeyman DsWn)
 36470 | Spider:1 | Killed 2tc's ghost
 37236 | Spider:1 | Reached skill level 15 in Spellcasting
 37696 | Spider:2 | Noticed Azrael
 37702 | Spider:2 | Received a gift from Sif Muna
 37912 | Spider:2 | HP: 2/103 [ball lightning[the player character] (8)]
 37914 | Spider:2 | Killed Azrael
 38404 | Spider:3 | Reached XP level 19. HP: 17/107 MP: 7/43
 38986 | Spider:4 | Entered Level 4 of the Spider Nest
 39443 | Spider:4 | Noticed Asterion
 39443 | Spider:4 | ACK
 39453 | Spider:4 | Killed Asterion
 39577 | Spider:4 | Identified Sif Muna's Catalogue of Conjuration and the Escort (Sif Muna gifted it to you on level 4 of the Spider Nest)
 39577 | Spider:4 | Received a gift from Sif Muna
 39591 | Spider:4 | Learned a level 5 spell: Bolt of Draining
 40076 | Spider:4 | Noticed Roxanne
 40087 | Spider:4 | Learned a level 7 spell: Orb of Destruction
 40097 | Spider:4 | Killed Roxanne
 40107 | Spider:4 | Identified Roxanne's Incunabulum of Clay (You took it off Roxanne on level 4 of the Spider Nest)
 40300 | Spider:4 | Noticed Arachne
 40307 | Spider:4 | Killed Arachne
 41002 | Spider:4 | FUCK
 41252 | Spider:4 | FUCKING CAMPER
 41320 | Spider:4 | Learned a level 6 spell: Deflect Missiles
 41381 | Spider:4 | Got a gossamer rune of Zot
 41835 | Elf:1    | Found Nicateij's Gadget Shoppe.
 41840 | Elf:1    | Found Elall's Magic Scroll Shoppe.
 41848 | Elf:1    | Bought a scroll of blinking for 150 gold pieces
 41848 | Elf:1    | Bought a scroll of fog for 40 gold pieces
 41848 | Elf:1    | Bought a scroll of fog for 40 gold pieces
 41848 | Elf:1    | Bought a scroll of identify for 40 gold pieces
 41848 | Elf:1    | Bought a scroll of fog for 40 gold pieces
 42231 | Elf:1    | Noticed Aizul
 42231 | Elf:1    | FUCK OFF AND DIEEEEEEEEE
 42626 | Elf:1    | Identified the Disquisition on Necromancy
 42800 | Elf:1    | Identified Sif Muna's Reference Book on Floating Confrontation (Sif Muna gifted it to you on level 1 of the Elven Halls)
 42800 | Elf:1    | Received a gift from Sif Muna
 42846 | Elf:1    | Reached XP level 20. HP: 80/112 MP: 1/47
 43157 | Elf:2    | Noticed Saint Roka
 43323 | Elf:2    | Found a deep blue altar of Sif Muna.
 43392 | Elf:2    | Killed Saint Roka
 43397 | Elf:2    | Got a translucent morningstar {speed}
 43400 | Elf:2    | Identified the +5 morningstar of Gehenna {speed, rN+ Str-3 Dex+3} (You took it off Saint Roka on level 2 of the Elven Halls)
 43520 | Elf:2    | Found a runed gate.
 43520 | Elf:2    | Found a runed gate.
 43521 | Elf:2    | Got a scorched war axe
 43522 | Elf:2    | Identified the +9 war axe "Xeur" {speed, rC+} (You found it on level 2 of the Elven Halls)
 43535 | Elf:2    | Found a runed gate.
 43617 | Elf:2    | Found Hemaw's Jewellery Shoppe.
 43646 | Elf:2    | Bought a cursed ring of teleportation for 58 gold pieces
 43653 | Elf:2    | Found Korri's Antique Weapon Boutique.
 43672 | Elf:2    | Found Xajeyjosy's Food Shoppe.
 43698 | Elf:2    | Found Basches's General Store.
 43709 | Elf:2    | Bought a scroll of identify for 28 gold pieces
 43823 | Elf:3    | Entered Level 3 of the Elven Halls
 44069 | Elf:3    | Identified Sif Muna's Compendium of Cloudy Translocation (Sif Muna gifted it to you on level 3 of the Elven Halls)
 44069 | Elf:3    | Received a gift from Sif Muna
 45214 | Elf:3    | Got a transparent ring mail
 45215 | Elf:3    | Identified the cursed +0 ring mail "Hoicagiara" {Int+2 Dex+4} (You took it off a deep elf master archer on level 3 of the Elven Halls)
 45239 | Elf:3    | Got a jewelled falchion {flame}
 45243 | Elf:3    | Identified the +11 falchion "Ogre's Undoing" {flame, Int+3} (You took it off a deep elf demonologist on level 3 of the Elven Halls)
 45360 | Elf:3    | Got a shadowed robe
 45373 | Elf:3    | Got a wavering lapis lazuli ring
 45374 | Elf:3    | Got a scorched falchion {flame}
 45375 | Elf:3    | Identified the cursed +1 falchion of the Dragonfly {flame, rC+} (You took it off a deep elf death mage on level 3 of the Elven Halls)
 45382 | Elf:3    | Identified the ring of Imaprunube {rPois Int+4 Dex-4 Slay+3 Stlth+} (You took it off a deep elf death mage on level 3 of the Elven Halls)
 45423 | Elf:3    | Got a bone mace {flame}
 45424 | Elf:3    | Identified the +3 mace of Asmeosethrur {flame, rElec rF- MR+ Dex+2} (You took it off a deep elf sorcerer on level 3 of the Elven Halls)
 45438 | Elf:3    | Identified the Handbook of Boosting Flight
 45494 | Elf:3    | Learned a level 7 spell: Delayed Fireball
 45681 | Elf:2    | Bought the ring of Vottaf {rCorr rN+ Stlth+} for 442 gold pieces
 45945 | Slime:1  | Entered Level 1 of the Pits of Slime
 46181 | Slime:3  | Found a viscous altar of Jiyva.
 46282 | Slime:3  | Identified Sif Muna's Collected Works on Attacks (Sif Muna gifted it to you on level 3 of the Pits of Slime)
 46282 | Slime:3  | Received a gift from Sif Muna
 46360 | Slime:3  | Reached XP level 21. HP: 65/117 MP: 38/51
 47579 | Vaults:1 | Entered Level 1 of the Vaults
 47583 | Vaults:1 | Got an ichor-stained arbalest
 47585 | Vaults:1 | Identified the cursed +0 arbalest "Wuhuymek" {velocity, rElec rF+ Str+5 Dex-2} (You found it on level 1 of the Vaults)
 47896 | Vaults:1 | Received a gift from Sif Muna
 48156 | Vaults:1 | Reached skill level 10 in Dodging
 48239 | Vaults:1 | Reached ****** piety under Sif Muna
 48498 | Vaults:1 | Reached skill level 10 in Fighting
 48976 | Vaults:1 | Got an uncursed ancient quarterstaff {flame}
 48987 | Vaults:1 | Identified the +4 quarterstaff of Drought {flame, Str+2 SInv} (You took it off a centaur on level 1 of the Vaults)
 49243 | Vaults:2 | Identified the +1 robe "Sumeso Jetu" {rF+} (You took it off a deep elf high priest on level 3 of the Elven Halls)
 49420 | Vaults:2 | Found Tinidyka's Antique Weapon Emporium.
 49555 | Vaults:2 | Found Puhuor's General Store.
 50427 | Vaults:2 | Reached XP level 22. HP: 117/130 MP: 49/52
 50557 | Vaults:3 | Found a magical portal.
 50562 | WizLab   | Entered The Hall of the Hellbinder
 51181 | WizLab   | Found a burning altar of Makhleb.
 51197 | WizLab   | Identified the Disquisition on Creation
 51204 | WizLab   | Learned a level 4 spell: Passage of Golubria
 51227 | WizLab   | Identified the Compendium of Creation
 51299 | Vaults:3 | Learned a level 6 spell: Shadow Creatures
 51452 | Vaults:3 | Reached skill level 1 in Translocations
 53220 | Vaults:3 | Received a gift from Sif Muna
 53969 | Vaults:3 | Reached XP level 23. HP: 101/140 MP: 18/53
 54746 | Vaults:3 | Found a staircase to the Crypt.
 54746 | Vaults:3 | Found an ancient bone altar of Kikubaaqudgha.
 54747 | Vaults:3 | Found a basalt altar of Yredelemnul.
 54870 | Vaults:4 | Noticed Boris
 54882 | Vaults:4 | Killed Boris
 57047 | D:15     | Identified Lehudib's Guide on Attacks (Sif Muna gifted it to you on level 15 of the Dungeon)
 57047 | D:15     | Received a gift from Sif Muna
 57055 | D:15     | Learned a level 6 spell: Bolt of Cold
 57187 | Depths:1 | Entered Level 1 of the Depths
 57304 | Depths:1 | Found a gateway to Hell.
 57720 | Depths:1 | Found a gateway to a ziggurat.
 57820 | Depths:1 | Found Ithis's Changing Room.
 57828 | Depths:1 | Bought a potion of beneficial mutation for 490 gold pieces
 57828 | Depths:1 | Gained mutation: Your muscles are strong. (Str +2) [potion of beneficial mutation]
 58389 | Depths:2 | Noticed Vergil's ghost (veteran DsAr)
 58406 | Depths:2 | Killed Vergil's ghost
 58431 | Depths:2 | Reached XP level 24. HP: 91/148 MP: 16/53
 58577 | Depths:2 | Noticed Sojobo
 58746 | Depths:2 | Killed Sojobo
 58756 | Depths:1 | Received a gift from Sif Muna
 59769 | Depths:2 | AHAHAHA
 60332 | Depths:2 | Got a warped bone amulet
 60335 | Depths:2 | Identified the amulet of Inimpethru {Dismiss +Inv Int-4 Dex+3} (You took it off a fire giant on level 2 of the Depths)
 60572 | Depths:2 | Found Boellakecs's Book Boutique.
 60782 | Depths:2 | Identified Sif Muna's Guide on Venom and Conjuration (Sif Muna gifted it to you on level 2 of the Depths)
 60782 | Depths:2 | Received a gift from Sif Muna
 60962 | Depths:3 | Noticed a caustic shrike
 60963 | Depths:3 | Killed a caustic shrike
 60967 | Depths:3 | Noticed a caustic shrike
 60969 | Depths:3 | Killed a caustic shrike
 61082 | Depths:3 | Noticed a caustic shrike
 61377 | Depths:3 | Noticed a caustic shrike
 61378 | Depths:3 | Noticed a caustic shrike
 61623 | Depths:3 | Reached skill level 27 in Conjurations
 61623 | Depths:3 | Identified Sif Muna's Collected Works on Harmful Summoning (Sif Muna gifted it to you on level 3 of the Depths)
 61623 | Depths:3 | Received a gift from Sif Muna
 61639 | Depths:2 | Learned a level 9 spell: Fire Storm
 61748 | Depths:3 | Reached skill level 10 in Fire Magic
 61750 | Depths:3 | Reached XP level 25. HP: 47/152 MP: 17/53
 62411 | Depths:3 | Found Eczoc's Book Emporium.
 62862 | Depths:3 | Identified Sif Muna's Handbook of Creative Bewitchment (Sif Muna gifted it to you on level 3 of the Depths)
 62862 | Depths:3 | Received a gift from Sif Muna
 63333 | Depths:3 | Got an amber-encrusted chain mail
 63334 | Depths:3 | Identified the cursed +0 chain mail of the Tormentor {Dex+4} (You found it on level 3 of the Depths)
 63391 | Depths:3 | Found a one-way gate leading to the halls of Pandemonium.
 63766 | Depths:4 | Found a one-way gate to the infinite horrors of the Abyss.
 63769 | Depths:4 | Found a flickering gateway to a bazaar.
 63775 | Bazaar   | Entered a bazaar
 63779 | Bazaar   | Found Bizumyhi's Book Boutique.
 63791 | Bazaar   | Found Caemot's Book Shoppe.
 63819 | Bazaar   | Found Hammo Torraa's Antique Weapon Shop.
 63824 | Bazaar   | Found Hyohotyurph's Food Shoppe.
 63851 | Bazaar   | Bought an ancient great sword for 448 gold pieces
 63851 | Bazaar   | Identified the +5 great sword of Fedhas's Delight {flame, +Blink rElec rF- MP+9 Dex+5} (You bought it in a shop in a bazaar)
 64080 | Depths:4 | Identified Sif Muna's Catalogue of Companions and the Snowflakes (Sif Muna gifted it to you on level 4 of the Depths)
 64080 | Depths:4 | Received a gift from Sif Muna
 64665 | Depths:5 | Entered Level 5 of the Depths
 65004 | Depths:5 | Reached skill level 15 in Air Magic
 65009 | Depths:5 | Identified Sif Muna's Grimoire of Harmful Black Rites (Sif Muna gifted it to you on level 5 of the Depths)
 65009 | Depths:5 | Received a gift from Sif Muna
 65009 | Depths:5 | Reached XP level 26. HP: 145/158 MP: 8/53
 65681 | Depths:5 | Found a gate to the Realm of Zot.
 65898 | Depths:3 | Reached skill level 1 in Armour
 66560 | Elf:3    | Learned a level 9 spell: Tornado
 66874 | Slime:1  | Reached skill level 1 in Shields
 67254 | Slime:1  | Reached skill level 5 in Shields
 68631 | Slime:4  | Identified Sif Muna's Almanac of Freezing Stolen Souls (Sif Muna gifted it to you on level 4 of the Pits of Slime)
 68631 | Slime:4  | Received a gift from Sif Muna
 69097 | Slime:5  | Entered Level 5 of the Pits of Slime
 69118 | Slime:5  | Noticed the Royal Jelly
 69121 | Slime:5  | Killed the Royal Jelly
 69307 | Slime:5  | Got a shimmering rapier
 69308 | Slime:5  | Identified the cursed +2 rapier "Curicaul" {elec, rElec MP+9} (You found it on level 5 of the Pits of Slime)
 69316 | Slime:5  | Got a scintillating ruby amulet
 69317 | Slime:5  | Identified the amulet "Neil" {Dismiss Fragile rN+++ Int+6 Dex-3} (You found it on level 5 of the Pits of Slime)
 69417 | Slime:5  | Got a brightly glowing ruby amulet
 69418 | Slime:5  | Identified the amulet of Ommaoc {Inacc rElec MR+} (You found it on level 5 of the Pits of Slime)
 69419 | Slime:5  | GRRRRRR
 69433 | Slime:5  | Got a slimy rune of Zot
 70211 | Elf:1    | Bought a scroll of recharging for 190 gold pieces
 70287 | Orc:2    | Bought a scroll of enchant armour for 217 gold pieces
 70606 | Vaults:5 | Entered Level 5 of the Vaults
 70614 | Vaults:5 | Identified Xoleroce's Papyrus of Conjuration (Sif Muna gifted it to you on level 5 of the Vaults)
 70614 | Vaults:5 | Received a gift from Sif Muna
 70616 | Vaults:5 | Reached XP level 27. HP: 150/163 MP: 44/53
 71016 | Vaults:5 | Identified Sif Muna's Handbook of Battle Magic and the Arsonist (Sif Muna gifted it to you on level 5 of the Vaults)
 71016 | Vaults:5 | Received a gift from Sif Muna
 71017 | Vaults:5 | Paralysed by a sphinx for 5 turns
 71359 | Vaults:5 | Got a silver rune of Zot
 71438 | Vaults:5 | Reached skill level 5 in Necromancy
 72009 | Vaults:5 | Got a warped hunting sling
 72010 | Vaults:5 | Identified the +3 hunting sling "Usoocza" {freeze, MR+ Int+2 Dex+6} (You found it on level 5 of the Vaults)
 72384 | Vaults:5 | Found Dobuob's Gadget Shoppe.
 72419 | Vaults:5 | Received a gift from Sif Muna
 72423 | Vaults:5 | Reached skill level 10 in Necromancy
 72902 | Vaults:2 | Bought a smoking war axe for 331 gold pieces
 72902 | Vaults:2 | Bought a smoking mace for 312 gold pieces
 72902 | Vaults:2 | Identified the +2 war axe "Tohetuup" {flame, *Rage +Inv +Fly rN+++} (You bought it in a shop on level 2 of the Vaults)
 72904 | Vaults:2 | Identified the +1 mace of Discretion {flame, MR+ MP+9} (You bought it in a shop on level 2 of the Vaults)
 73132 | D:14     | Learned a level 8 spell: Necromutation
 73343 | Crypt:1  | Entered Level 1 of the Crypt
 73347 | Crypt:1  | Reached skill level 1 in Transmutations
 73858 | Crypt:1  | Reached skill level 5 in Transmutations
 73875 | Crypt:1  | Identified Sif Muna's Almanac of Flight and Transmutation (Sif Muna gifted it to you on level 1 of the Crypt)
 73875 | Crypt:1  | Received a gift from Sif Muna
 75601 | Crypt:3  | Entered Level 3 of the Crypt
 75809 | Crypt:3  | Identified Sif Muna's Volume of Curses and the Glacier (Sif Muna gifted it to you on level 3 of the Crypt)
 75809 | Crypt:3  | Received a gift from Sif Muna
 76473 | Crypt:3  | Found a staircase to the Tomb.
 77129 | Crypt:3  | Noticed Bai Suzhen
 77129 | Crypt:3  | Identified Sif Muna's Almanac of the Birds and Curses (Sif Muna gifted it to you on level 3 of the Crypt)
 77129 | Crypt:3  | Received a gift from Sif Muna
 77135 | Crypt:3  | Killed Bai Suzhen
 77524 | Crypt:3  | Noticed an ancient lich
 77527 | Crypt:3  | Killed an ancient lich
 77580 | Crypt:3  | Found an ancient bone altar of Kikubaaqudgha.
 77581 | Crypt:3  | Noticed an ancient lich
 77585 | Crypt:3  | Killed an ancient lich
 77648 | Crypt:3  | Got a faintly glowing leather armour
 77649 | Crypt:3  | Identified the +1 leather armour of Intercession {rElec rPois MR- Regen+} (You found it on level 3 of the Crypt)
 77652 | Crypt:3  | Identified the Reference Book on Stolen Souls
 78107 | Tomb:1   | Entered Level 1 of the Tomb of the Ancients
 78278 | Crypt:3  | Learned a level 5 spell: Dispel Undead
 78581 | Tomb:1   | Reached skill level 10 in Transmutations
 78916 | Tomb:1   | Noticed a greater mummy
 78917 | Tomb:1   | Noticed a greater mummy
 78920 | Tomb:1   | Noticed a greater mummy
 78920 | Tomb:1   | Killed a greater mummy
 78920 | Tomb:1   | Killed a greater mummy
 78920 | Tomb:1   | Identified Sif Muna's Almanac of Evil Rituals and Creation (Sif Muna gifted it to you on level 1 of the Tomb of the Ancients)
 78920 | Tomb:1   | Received a gift from Sif Muna
 78922 | Tomb:1   | Noticed a greater mummy
 78924 | Tomb:1   | Killed a greater mummy
 78924 | Tomb:1   | Killed a greater mummy
 79107 | Tomb:1   | Got a crystal battleaxe {pain}
 79108 | Tomb:1   | Identified the +0 battleaxe of Satyriasis {pain, MR++ Str-2 SInv Stlth+} (You took it off a mummy priest on level 1 of the Tomb of the Ancients)
 79359 | Tomb:2   | Noticed a greater mummy
 79360 | Tomb:2   | Noticed a greater mummy
 79362 | Tomb:2   | Noticed a greater mummy
 79365 | Tomb:2   | Noticed a greater mummy
 79366 | Tomb:2   | Killed a greater mummy
 79370 | Tomb:1   | Killed a greater mummy
 79494 | Tomb:2   | Killed a greater mummy
 79494 | Tomb:2   | Killed a greater mummy
 80092 | Tomb:1   | Noticed a greater mummy
 80093 | Tomb:1   | Received a gift from Sif Muna
 80095 | Tomb:1   | Noticed a greater mummy
 80096 | Tomb:1   | Killed a greater mummy
 80098 | Tomb:1   | Killed a greater mummy
 80104 | Tomb:1   | Noticed a greater mummy
 80109 | Tomb:1   | Killed a greater mummy
 80116 | Tomb:1   | Noticed a greater mummy
 80194 | Tomb:1   | Killed a greater mummy
 80333 | Tomb:1   | Noticed a greater mummy
 80339 | Tomb:1   | Noticed a greater mummy
 80344 | Tomb:1   | Killed a greater mummy
 80344 | Tomb:1   | Killed a greater mummy
 80371 | Tomb:1   | Noticed a greater mummy
 80376 | Tomb:1   | Noticed a greater mummy
 80377 | Tomb:1   | Noticed a greater mummy
 80377 | Tomb:1   | Killed a greater mummy
 80379 | Tomb:1   | Killed a greater mummy
 80380 | Tomb:1   | Killed a greater mummy
 80547 | Tomb:1   | Noticed a greater mummy
 80547 | Tomb:1   | Noticed a greater mummy
 80551 | Tomb:1   | Killed a greater mummy
 80553 | Tomb:1   | Killed a greater mummy
 80553 | Tomb:1   | Identified Sif Muna's Collected Works on Frigorific Attacks (Sif Muna gifted it to you on level 1 of the Tomb of the Ancients)
 80553 | Tomb:1   | Received a gift from Sif Muna
 80556 | Tomb:1   | Noticed a greater mummy
 80684 | Tomb:1   | Noticed a greater mummy
 80689 | Tomb:1   | Killed a greater mummy
 80760 | Tomb:1   | Noticed a greater mummy
 80764 | Tomb:1   | Killed a greater mummy
 80774 | Tomb:1   | Killed a greater mummy
 80785 | Tomb:1   | Learned a level 8 spell: Lehudib's Crystal Spear
 80943 | Tomb:1   | Noticed a greater mummy
 80948 | Tomb:1   | Killed a greater mummy
 81011 | Tomb:1   | Noticed a greater mummy
 81016 | Tomb:1   | Killed a greater mummy
 81068 | Tomb:1   | Noticed a greater mummy
 81073 | Tomb:1   | Killed a greater mummy
 81337 | Tomb:3   | Entered Level 3 of the Tomb of the Ancients
 81501 | Tomb:3   | Identified Edghutoep's Almanac of Confrontation (Sif Muna gifted it to you on level 3 of the Tomb of the Ancients)
 81501 | Tomb:3   | Received a gift from Sif Muna
 81767 | Tomb:3   | Noticed a greater mummy
 81767 | Tomb:3   | Noticed an ancient lich
 81768 | Tomb:3   | Noticed a greater mummy
 81769 | Tomb:3   | Noticed a greater mummy
 81939 | Tomb:3   | Killed a greater mummy
 81939 | Tomb:3   | Killed a greater mummy
 81940 | Tomb:3   | Noticed a greater mummy
 81940 | Tomb:3   | Killed an ancient lich
 81942 | Tomb:3   | Killed a greater mummy
 81945 | Tomb:3   | Noticed a greater mummy
 81945 | Tomb:3   | Killed a greater mummy
 81945 | Tomb:3   | Identified Icheyhiu's Volume of the Destructive Entourage (Sif Muna gifted it to you on level 3 of the Tomb of the Ancients)
 81945 | Tomb:3   | Received a gift from Sif Muna
 81946 | Tomb:3   | Noticed a greater mummy
 82094 | Tomb:3   | Killed a greater mummy
 82098 | Tomb:3   | Killed a greater mummy
 82104 | Tomb:3   | Noticed an ancient lich
 82212 | Tomb:3   | Killed an ancient lich
 82223 | Tomb:3   | Noticed a greater mummy
 82230 | Tomb:3   | Killed a greater mummy
 82607 | Tomb:3   | Got a golden rune of Zot
 82670 | Tomb:3   | Got a fine glass ring
 82671 | Tomb:3   | Identified the ring "Oruciur" {rC+ Str+5 Slay-6 Stlth+} (You found it on level 3 of the Tomb of the Ancients)
 82676 | Tomb:3   | Got a crude long sword
 82677 | Tomb:3   | Identified the +7 long sword "Gosoeta" {slice, Str+3 Stlth+} (You found it on level 3 of the Tomb of the Ancients)
 82714 | Tomb:3   | Got a shimmering war axe
 82715 | Tomb:3   | Identified the +3 war axe of Lunocein {chop, rN+} (You found it on level 3 of the Tomb of the Ancients)
 82731 | Tomb:3   | Got a fine morningstar
 82732 | Tomb:3   | Identified the +11 morningstar of Havoc {flame, +Rage rPois Dex-5} (You found it on level 3 of the Tomb of the Ancients)
 82736 | Tomb:3   | Identified Qoskyic's Collected Works on Noxious Moulding
 83103 | Tomb:1   | Noticed a greater mummy
 83109 | Tomb:1   | Killed a greater mummy
 83225 | Crypt:3  | Learned a level 9 spell: Dragon's Call
 83786 | Zot:1    | Entered Level 1 of the Realm of Zot
 83791 | Zot:1    | Identified Sif Muna's Disquisition on Feathery Calling (Sif Muna gifted it to you on level 1 of the Realm of Zot)
 83791 | Zot:1    | Received a gift from Sif Muna
 84400 | Zot:2    | Noticed an orb of fire
 84407 | Zot:2    | Killed an orb of fire
 84710 | Zot:2    | Got a clouded iron ring
 84729 | Zot:2    | Identified the ring "Doakec" {rF- Str+2 Dex+2 Stlth+} (You found it on level 2 of the Realm of Zot)
 84879 | Zot:2    | Identified Ytuerr's Papyrus of Lightness and Companions (Sif Muna gifted it to you on level 2 of the Realm of Zot)
 84879 | Zot:2    | Received a gift from Sif Muna
 85700 | Zot:3    | Reached skill level 27 in Spellcasting
 86040 | Zot:4    | Reached skill level 15 in Summonings
 86166 | Zot:4    | Received a gift from Sif Muna
 86262 | Zot:4    | HP: 3/163 [shadow dragon/bolt of negative energy[the player character] (16)]
 86279 | Zot:4    | OUCH
 86706 | Zot:4    | Noticed an orb of fire
 86713 | Zot:4    | Killed an orb of fire
 87211 | Zot:5    | Entered Level 5 of the Realm of Zot
 87376 | Zot:5    | Identified Sif Muna's Disquisition on Conjuration (Sif Muna gifted it to you on level 5 of the Realm of Zot)
 87376 | Zot:5    | Received a gift from Sif Muna
 87670 | Zot:5    | Reached skill level 1 in Earth Magic
 87767 | Zot:5    | Noticed an orb of fire
 87768 | Zot:5    | Noticed an orb of fire
 87782 | Zot:5    | Killed an orb of fire
 87782 | Zot:5    | Killed an orb of fire
 87794 | Zot:5    | Noticed an ancient lich
 87801 | Zot:5    | Reached skill level 5 in Earth Magic
 87802 | Zot:5    | Killed an ancient lich
 87951 | Zot:5    | Noticed an ancient lich
 87958 | Zot:5    | Killed an ancient lich
 87958 | Zot:5    | Identified Louly's Incunabulum of Noxious Confrontation (Sif Muna gifted it to you on level 5 of the Realm of Zot)
 87958 | Zot:5    | Received a gift from Sif Muna
 88054 | Zot:5    | Noticed an orb of fire
 88060 | Zot:5    | Killed an orb of fire
 88341 | Zot:5    | FUCKING CAMPER
 88520 | Zot:5    | Noticed an orb of fire
 88528 | Zot:5    | Killed an orb of fire
 88655 | Zot:5    | Noticed an orb of fire
 88659 | Zot:5    | Killed an orb of fire
 88659 | Zot:5    | Reached skill level 5 in Ice Magic
 88870 | Hell     | Entered the Vestibule of Hell
 88870 | Hell     | Noticed Geryon
 88870 | Hell     | Noticed Murray
 88875 | Hell     | Identified Munniva's Compendium of Hurtful Summoning (Sif Muna gifted it to you in the Vestibule of Hell)
 88875 | Hell     | Received a gift from Sif Muna
 88875 | Hell     | Killed Murray
 88878 | Hell     | Killed Geryon
 89177 | Depths:4 | Learned a level 9 spell: Glaciate
 89258 | Hell     | Found a gateway to the ashen valley of Gehenna.
 89318 | Geh:1    | Entered Level 1 of Gehenna
 89328 | Geh:2    | Identified Sif Muna's Disquisition on Excruciating Transmigration (Sif Muna gifted it to you on level 2 of Gehenna)
 89328 | Geh:2    | Received a gift from Sif Muna
 89454 | Geh:3    | Reached skill level 10 in Ice Magic
 89969 | Geh:6    | Received a gift from Sif Muna
 90099 | Geh:7    | Entered Level 7 of Gehenna
 90281 | Geh:7    | Identified Sif Muna's Catalogue of Calling and Weightlessness (Sif Muna gifted it to you on level 7 of Gehenna)
 90281 | Geh:7    | Received a gift from Sif Muna
 90335 | Geh:7    | Noticed the Serpent of Hell
 90342 | Geh:7    | Killed the Serpent of Hell
 90354 | Geh:7    | Identified Sif Muna's Disquisition on the Frigorific Arsonist
 90491 | Geh:7    | Reached skill level 15 in Ice Magic
 90800 | Geh:7    | Identified Sif Muna's Disquisition on Ghastly Confrontation (Sif Muna gifted it to you on level 7 of Gehenna)
 90800 | Geh:7    | Received a gift from Sif Muna
 90898 | Geh:7    | Noticed Asmodeus
 90916 | Geh:7    | Killed Asmodeus
 90978 | Geh:7    | Got a translucent dagger
 90979 | Geh:7    | Identified the +1 dagger of Might {pierce, Str+5 Dex+3} (You found it on level 7 of Gehenna)
 90997 | Geh:7    | Learned a level 1 spell: Apportation
 91002 | Geh:7    | Got an obsidian rune of Zot
 91127 | Hell     | Found a gateway to the Iron City of Dis.
 91166 | Dis:1    | Entered Level 1 of the Iron City of Dis
 91226 | Dis:2    | Identified Quusyer's Catalogue of Supportive Confrontation (Sif Muna gifted it to you on level 2 of the Iron City of Dis)
 91226 | Dis:2    | Received a gift from Sif Muna
 91638 | Dis:7    | Entered Level 7 of the Iron City of Dis
 91749 | Dis:7    | Identified Sif Muna's Tome of Protection and Weightlessness (Sif Muna gifted it to you on level 7 of the Iron City of Dis)
 91749 | Dis:7    | Received a gift from Sif Muna
 92446 | Dis:7    | Reached skill level 15 in Fire Magic
 92486 | Dis:7    | Identified Sif Muna's Papyrus of Battle Magic (Sif Muna gifted it to you on level 7 of the Iron City of Dis)
 92486 | Dis:7    | Received a gift from Sif Muna
 92730 | Dis:7    | Noticed Dispater
 92738 | Dis:7    | Killed Dispater
 92781 | Dis:7    | Got an iron rune of Zot
 93298 | Dis:7    | Identified Sif Muna's Collected Works on Shifting Bewitchment (Sif Muna gifted it to you on level 7 of the Iron City of Dis)
 93298 | Dis:7    | Received a gift from Sif Muna
 93397 | Dis:7    | Got a transparent long sword
 93398 | Dis:7    | Identified the +9 long sword of Disaster {venom, rC- rN+ MR+} (You found it on level 7 of the Iron City of Dis)
 93549 | Hell     | Found a gateway to the decaying netherworld of Tartarus.
 93618 | Tar:1    | Entered Level 1 of Tartarus
 94138 | Tar:1    | WHERE"S THE FUCKING STAIR
 94206 | Tar:2    | Identified Yloapp's Volume of Gliding Conjuration (Sif Muna gifted it to you on level 2 of Tartarus)
 94206 | Tar:2    | Received a gift from Sif Muna
 94797 | Tar:5    | Identified Sif Muna's Almanac of Confrontation (Sif Muna gifted it to you on level 5 of Tartarus)
 94797 | Tar:5    | Received a gift from Sif Muna
 94983 | Tar:7    | Entered Level 7 of Tartarus
 95633 | Tar:7    | Reached skill level 15 in Invocations
 95858 | Tar:7    | WILL YOU PISS OFF ALREADY
 96665 | Tar:7    | Noticed an ancient lich
 96670 | Tar:7    | Noticed an ancient lich
 96674 | Tar:7    | Killed an ancient lich
 96676 | Tar:7    | Killed an ancient lich
 96731 | Tar:7    | Identified the Disquisition on the Dusty Frostbite
 96948 | Tar:7    | Identified Sif Muna's Tome of Arcane Weapons (Sif Muna gifted it to you on level 7 of Tartarus)
 96948 | Tar:7    | Received a gift from Sif Muna
 96965 | Tar:7    | GIVE ME A BREAK
 97239 | Tar:7    | Noticed Ereshkigal
 97243 | Tar:7    | Killed Ereshkigal
 97345 | Tar:7    | Got a bone rune of Zot
 97354 | Tar:7    | THIS IS WHY I DON"T DO EXTENDEN ANYMORE
 97390 | Tar:7    | FUCK
 97435 | Hell     | Found a gateway to the freezing wastes of Cocytus.
 97519 | Coc:1    | Entered Level 1 of Cocytus
 97869 | Coc:7    | Entered Level 7 of Cocytus
 98006 | Coc:7    | GOLD!
 98269 | Coc:7    | Noticed Antaeus
 98286 | Coc:7    | BURN IN HELL HAR HAR
 98289 | Coc:7    | Killed Antaeus
 98476 | Coc:7    | Got an icy rune of Zot
 98505 | Coc:7    | *SIGH*
 98537 | Coc:7    | Got an ivory trident
 98538 | Coc:7    | Identified the +4 trident of the Present {distort, +Inv Str+5} (You found it on level 7 of Cocytus)
 98732 | Pan      | Entered Pandemonium
 98881 | Pan      | Noticed Hery the pandemonium lord
 98890 | Pan      | Killed Hery the pandemonium lord
 99045 | Pan      | Noticed Nisats the pandemonium lord
 99046 | Pan      | Identified Sif Muna's Tome of the Lethal Frostbite (Sif Muna gifted it to you in Pandemonium)
 99046 | Pan      | Received a gift from Sif Muna
 99048 | Pan      | Killed Nisats the pandemonium lord
 99179 | Depths:3 | Escaped Pandemonium
 99990 | Pan      | Entered Pandemonium
100048 | Pan      | Found an exit through the horrors of the Abyss.
100283 | Pan      | Noticed Eclazun Jiti the pandemonium lord
100289 | Pan      | Killed Eclazun Jiti the pandemonium lord
100591 | Pan      | Reached skill level 10 in Stealth
100823 | Pan      | GOD HOW BORING THIS PLACE CAN BE
100945 | Pan      | Found an exit through the horrors of the Abyss.
101438 | Pan      | Found an exit through the horrors of the Abyss.
101445 | Pan      | Noticed Linlameg the pandemonium lord
101456 | Pan      | Killed Linlameg the pandemonium lord
101527 | Pan      | NOOOOOOOOOOOOOOOOOO
101633 | Pan      | Found a runed door.
101640 | Pan      | Found a runed door.
101641 | Pan      | Found a runed door.
101643 | Pan      | Noticed Xyoroceh the pandemonium lord
101646 | Pan      | Killed Xyoroceh the pandemonium lord
101781 | Pan      | Found a runed door.
101797 | Pan      | THROW ME A BONNNNNNNNNE
102129 | Pan      | Found an exit through the horrors of the Abyss.
102285 | Pan      | Noticed Ulled the pandemonium lord
102291 | Pan      | Killed Ulled the pandemonium lord
102424 | Pan      | Entered the realm of Cerebov.
102425 | Pan      | YAY
102444 | Pan      | Noticed Cerebov
102452 | Pan      | HP: 2/163 [Cerebov/great serpentine sword {flame} (57)]
102452 | Pan      | Identified the +6 sword of Cerebov {flame}
102452 | Pan      | Slain by Cerebov

Vault maps used:
D:1:      shiori_arrival_maze, corexii_item_surrounded_by_moat
D:2:      lemuel_doored_altar, first_bread, dk_xom_monty_hall
D:3:      uniq_natasha
D:4:      nicolae_ru_great_annihilating_truth, serial_shops, shop
D:5:      lemuel_zombie_altar_yredelemnul, serial_curves, eino_curves_02,
          eino_curves_03, minmay_joined_circles
D:6:      minmay_checkerbox
D:7:      minmay_flawed_box, grunt_temple_overflow_open, uniq_joseph
D:8:      marbit_many_paths, kennysheep_little_box, minitemple, uniq_erica,
          uniq_maurice
D:9:      lair_0_dummy, orc_0_dummy
D:10:     serial_shops, shop, grunt_ogre_cave
D:11:     wad_statue_garden
D:12:     evilmike_horseshoe, basic_altar
D:13:     hangedman_vaults_entry_quadrant_bands, spider_trap, uniq_rupert
D:14:     minmay_misc_feat_tower, lightli_airlock, uniq_nessos
D:15:     gammafunk_enter_depths_forms, minmay_misc_feat_five
Temple:   corrupted_temple
Lair:1:   grunt_megastairs_4
Lair:2:   elwin_shoals_entry_rooms, spider_nest_entry_web_field,
          lemuel_fruit_fields, infiniplex_staircase_pool_2
Lair:3:   uniq_gastronok
Lair:4:   lemuel_fruit_fields, uniq_kirke
Lair:5:   minmay_slime_entry_oklob_enclosed, dpeg_oklob_1
Lair:6:   hangedman_lair_tendril_chambers
Shoals:1: nicolae_shoals_this_corrosion
Shoals:2: serial_shops, nicolae_shop_crystal
Shoals:3: uniq_polyphemus
Shoals:4: shoals_end_simple, shoals_ilsuiw_alternative
Spider:2: uniq_azrael
Spider:3: spider_trap
Spider:4: grunt_spider_rune_parallel, uniq_roxanne, uniq_asterion, uniq_arachne
Slime:2:  nicolae_slime_barrier
Slime:3:  basic_altar
Orc:1:    serial_shops, shop_statue, minmay_orc_barracks
Orc:2:    st_orc_open
Elf:1:    orc_legates, minmay_elf_necromancy, minmay_shop_star, uniq_aizul
Elf:2:    serial_shops, shop, shop_statue, shop, shop, tgw_sif, uniq_saint_roka
Elf:3:    minmay_elf_hall_statues
Vaults:1: v_misc_29, v_rooms_2, vaults_mumra_hex, ontoclasm_vaults_chip,
          vaults_room_semicircle, v_misc_17, hangedman_vaults_restitches,
          vaults_dpeg_encased_lava, v_pattern_4
Vaults:2: ontoclasm_vaults_twist, st_more_cells,
          nicolae_vaults_network_quinsquares, v_misc_17,
          ontoclasm_vaults_claustrophobia, ontoclasm_vaults_ring_large,
          nicolae_vaults_three_branches, serial_shops, shop_fountains,
          nicolae_shop_crystal
Vaults:3: minmay_crypt_entry_necro_gods, vaults_room_door_ring, v_misc_28,
          vaults_mumra_minichess_inversion, nicolae_vaults_twisting_passages,
          hangedman_vaults_slice, st_greater_box_4, vaults_room_pool,
          vaults_room_door_hall, nicolae_vaults_network_barrier,
          ontoclasm_vaults_fault, mu_enter_wizlab_1
Vaults:4: nicolae_vaults_alarming, nicolae_vaults_triangles, stair_cage_open,
          vaults_room_hallway, nicolae_vaults_circle_grid_a, vaults_room_fours,
          vaults_room_pools, v_alt_pattern_6, uniq_boris
Crypt:1:  hangedman_screamer, grunt_megastairs_2
Crypt:3:  quadcrypt_mu, uniq_bai_suzhen
Depths:1: enter_ziggurat_c, serial_glass, glass_columns_a, glass_columns_c,
          item_on_display_a, minmay_strange_pillars, item_on_display_a,
          feat_on_display, hell_entry, serial_bayou_pond_c,
          nicolae_transmutations_shop
Depths:2: four-leaf_vault, hangedman_decor_slide_cut, serial_shops,
          nicolae_shop_stone, hell_entry, kennysheep_cluttered_room, uniq_sojobo
Depths:3: grunt_x_marks_the_spot, hell_entry, serial_shops, shop,
          grunt_pan_entry_in_and_out, serial_bayou_shore_a,
          hangedman_decor_growths, kennysheep_potato,
          infiniplex_staircase_zigzag_2
Depths:4: minmay_open_boxes_in_corner, minmay_misc_feat_chi, hellmouth_1,
          abyss_entry_glasseish, serial_shops, bzr_entry_safe
Depths:5: evilmike_zot_entry_round, hell_entry, minmay_misc_feat_iff,
          abyss_entry
Dis:2:    grunt_deathspiral_small
Dis:6:    hangedman_dis_decor_blocks_crown
Dis:7:    dis_st
Geh:2:    nicolae_geh_fiery_graves
Geh:3:    grunt_megastairs_3
Geh:6:    hangedman_elemental_grid_stream
Geh:7:    geh_mu
Coc:2:    serial_ice, serial_ice_n, lemuel_elevator
Coc:7:    coc_grunt_cove
Tar:4:    nicolae_tar_cuneiform_city, nicolae_tar_cuneiform_not
Tar:7:    tar_old
Zot:4:    nicolae_moth_party
Pan:      evilmike_mini_pan_3x3, pan_blood_fountain_2, rand_demon_2,
          evilmike_mini_pan_thingy, pan_blood_fountain_small,
          pan_blood_fountain_2, nicolae_pan_glass_arcs, rand_demon_9,
          evilmike_mini_pan_3x3, evilmike_mini_pan_corner,
          pan_blood_fountain_small, evilmike_mini_pan_diamond,
          nicolae_pan_sick_transit, evilmike_mini_pan_T,
          nicolae_pan_mnolegish_3, rand_demon_6, pan_blood_fountain_2,
          nicolae_pan_lom_lobonic_2, nicolae_pan_sigil_uleosi,
          grunt_pan_sceptre, pan_blood_fountain, evilmike_mini_pan_3x3,
          pan_blood_fountain_small, rand_demon_7, evilmike_mini_pan_branches,
          cerebov_grunt, pan_blood_fountain_2
Bazaar:   bazaar_kb_twisted_cavern
WizLab:   wizlab_demon

Skill      XL: |  1  2  3  4  5  6  7  8  9 10 11 12 13 14 15 16 17 18 19 20 21 22 23 24 25 26 27 |
---------------+----------------------------------------------------------------------------------+-----
Spellcasting   | 3 4 5 7 8 9 11 13 15 18 20 27 | 27.0
Conjurations   | 6 8 10 11 15 17 19 20 21 23 27 | 27.0
Hexes          | 3 4 |  4.0
Charms         | 3 4 |  4.1
Fighting       | 5 7 8 11 13 14 | 14.0
Dodging        | 4 8 11 14 | 14.7
Stealth        | 4 6 11 | 11.5
Ice Magic      | 4 18 | 18.8
Invocations    | 4 8 10 12 25 | 25.0
Necromancy     | 4 14 | 14.0
Fire Magic     | 6 9 10 14 19 | 19.3
Summonings     | 5 10 20 | 20.1
Air Magic      | 6 10 15 20 25 | 25.0
Translocations | 4 |  4.0
Armour         | 1 |  1.3
Shields        | 6 |  6.1
Transmutations | 10 | 10.0
Earth Magic    | 7 |  7.3

Action                   |  1- 3 |  4- 6 |  7- 9 | 10-12 | 13-15 | 16-18 | 19-21 | 22-24 | 25-27 || total
-------------------------+-------+-------+-------+-------+-------+-------+-------+-------+-------++-------
Melee: Dagger            |    18 |    10 |    14 |    10 |       |       |       |       |    14 ||    66
       Unarmed           |     2 |       |       |       |       |       |       |       |       ||     2
       Kick              |     4 |     5 |    10 |     4 |     7 |    46 |     8 |     5 |    58 ||   147
       Peck              |     1 |     2 |     8 |     1 |     6 |    25 |     4 |     6 |    45 ||    98
       Mace              |       |     4 |     4 |       |       |       |       |       |       ||     8
       Whip              |       |       |    22 |     1 |       |       |       |       |       ||    23
       Staff             |       |       |       |     1 |    11 |    11 |       |       |    98 ||   121
       Quarterstaff      |       |       |       |       |    21 |   106 |    23 |    16 |    12 ||   178
 Cast: Magic Dart        |    51 |    84 |   101 |   207 |   457 |    45 |       |       |       ||   945
       Searing Ray       |     4 |    11 |    40 |    59 |     4 |       |       |       |       ||   118
       Fulminant Prism   |       |       |     7 |    36 |    76 |    13 |       |       |       ||   132
       Iskenderun's Batt |       |       |     4 |    37 |   132 |     8 |       |       |       ||   181
       Iskenderun's Myst |       |       |     3 |    65 |   147 |   168 |   147 |    71 |   284 ||   885
       Ozocubu's Armour  |       |       |     1 |    17 |    13 |    20 |    24 |    19 |   109 ||   203
       Regeneration      |       |       |       |       |    20 |    28 |    61 |    56 |    70 ||   235
       Animate Dead      |       |       |       |       |    36 |    27 |    23 |       |       ||    86
       Fireball          |       |       |       |       |    23 |   380 |   204 |   186 |   161 ||   954
       Spellforged Servi |       |       |       |       |       |    35 |     7 |     2 |       ||    44
       Repel Missiles    |       |       |       |       |       |     5 |       |       |       ||     5
       Conjure Ball Ligh |       |       |       |       |       |    23 |   143 |   169 |   119 ||   454
       Orb of Destructio |       |       |       |       |       |       |    77 |   144 |   273 ||   494
       Bolt of Draining  |       |       |       |       |       |       |    13 |       |       ||    13
       Deflect Missiles  |       |       |       |       |       |       |     7 |     8 |     7 ||    22
       Delayed Fireball  |       |       |       |       |       |       |     4 |       |     1 ||     5
       Passage of Golubr |       |       |       |       |       |       |       |     7 |     7 ||    14
       Shadow Creatures  |       |       |       |       |       |       |       |     8 |    10 ||    18
       Bolt of Cold      |       |       |       |       |       |       |       |    26 |     9 ||    35
       Fire Storm        |       |       |       |       |       |       |       |       |   336 ||   336
       Tornado           |       |       |       |       |       |       |       |       |   290 ||   290
       Lehudib's Crystal |       |       |       |       |       |       |       |       |   264 ||   264
       Necromutation     |       |       |       |       |       |       |       |       |   203 ||   203
       Dispel Undead     |       |       |       |       |       |       |       |       |   136 ||   136
       Glaciate          |       |       |       |       |       |       |       |       |   120 ||   120
       Dragon's Call     |       |       |       |       |       |       |       |       |     7 ||     7
       Apportation       |       |       |       |       |       |       |       |       |     1 ||     1
Invok: Divine Energy     |       |       |       |     1 |       |     1 |     1 |       |     1 ||     4
       Stop Divine Energ |       |       |       |     1 |       |       |     1 |       |     1 ||     3
       Channel Magic     |       |       |       |     2 |     6 |     5 |     3 |       |    67 ||    83
       Forget Spell      |       |       |       |       |     2 |       |     1 |       |     2 ||     5
 Abil: Fly               |       |       |     1 |    23 |     7 |       |       |       |     1 ||    32
       Release Delayed F |       |       |       |       |       |       |     3 |       |       ||     3
       End Transformatio |       |       |       |       |       |       |       |       |    15 ||    15
       Stop Flying       |       |       |       |       |       |       |       |       |     1 ||     1
Evoke: Wand              |       |       |       |     4 |     1 |     4 |     7 |     4 |    51 ||    71
  Use: Scroll            |       |       |     8 |     4 |    25 |    18 |    19 |     8 |    53 ||   135
       Potion            |       |       |       |       |     3 |    12 |     3 |     5 |    13 ||    36
 Stab: Sleeping          |     1 |       |       |       |       |     1 |     1 |       |       ||     3
       Paralysed         |       |       |     1 |       |       |     5 |       |       |       ||     6
       Distracted        |       |       |       |       |       |     4 |       |       |       ||     4
  Eat: Chunk             |     2 |     8 |    17 |    37 |    55 |    50 |    30 |    39 |    29 ||   267
       Pizza             |       |       |       |     3 |     1 |     4 |     1 |       |     1 ||    10
       Beef jerky        |       |       |       |     1 |     6 |     5 |     2 |     6 |     5 ||    25
       Royal jelly       |       |       |       |       |     2 |     1 |     2 |       |     3 ||     8
       Meat ration       |       |       |       |       |       |     5 |     6 |     2 |    22 ||    35
       Fruit             |       |       |       |       |       |     1 |       |       |    12 ||    13
       Bread ration      |       |       |       |       |       |       |       |       |     7 ||     7
Armor: Robe              |     3 |     6 |    18 |    74 |    45 |    73 |    42 |    27 |   358 ||   646
       Leather armour    |       |     5 |    17 |       |       |       |       |       |       ||    22
Dodge: Dodged            |    22 |    14 |    54 |   167 |   226 |   337 |   215 |   173 |  1684 ||  2892
       Deflected         |       |       |       |       |       |    34 |    38 |    53 |    94 ||   219
Block: Buckler           |       |       |       |       |       |       |       |       |   624 ||   624
